 Dungeon Crawl Stone Soup version 0.24.0-2-g5b39cebb1c (webtiles) character file.

Game seed: 5126543561639025511, levelgen mode: deterministic

825 Chiseanne the Sneak (level 7, 0/46 HPs)
             Began as an Octopode Air Elementalist on Oct 30, 2019.
             Killed from afar by Dowan (23 damage)
             ... with a shard of ice
             ... on level 4 of the Dungeon.
             The game lasted 00:10:07 (5615 turns).

Chiseanne the Sneak (Octopode Air Elementalist)     Turns: 5615, Time: 00:10:08

Health: 0/46       AC:  1    Str:  8    XL:     7   Next: 96%
Magic:  12/12      EV: 14    Int: 19    God:
Gold:   281        SH:  0    Dex: 12    Spells: 7/13 levels left

rFire    . . .     SeeInvis .   a - +1 short sword (elec)
rCold    . . .     Gourm    .   (no shield)
rNeg     . . .     Faith    .   (helmet restricted)
rPois    .         Spirit   .   (no amulet)
rElec    .         Reflect  .   (no ring)
rCorr    .         Harm     .   (no ring)
MR       .....                  (no ring)
Stlth    ++++......             (no ring)
HPRegen  0.15/turn              (no ring)
MPRegen  0.13/turn              (no ring)
                                (no ring)
                                (no ring)

@: no status effects
A: almost no armour, stealthy swim, amphibious, 8 rings, constrict 8, camouflage
1, gelatinous body 1
a: no special abilities


You were on level 4 of the Dungeon.
You were not hungry.

You visited 1 branch of the dungeon, and saw 4 of its levels.

You collected 281 gold pieces.

Inventory:

Hand Weapons
 a - a +1 short sword of electrocution (weapon)
 w - a +0 flail of protection
Missiles
 c - 110 stones (quivered)
 e - 25 poisoned darts
 g - 67 bolts
 r - 23 sling bullets
 t - 47 arrows
Magical Staves
 n - an uncursed staff of power
Wands
 d - a wand of random effects (39)
Scrolls
 f - 2 scrolls of fog
 j - 2 scrolls of enchant armour
 p - a scroll of remove curse
 q - a scroll of magic mapping
 v - 2 scrolls of amnesia
Potions
 h - 2 potions of lignification {unknown}
 k - a potion of agility {unknown}
 l - 2 potions of might {unknown}
 m - a potion of cancellation {unknown}
 s - a potion of brilliance {unknown}
 u - a potion of flight {unknown}
Comestibles
 b - 5 rations
 o - 5 chunks of flesh


   Skills:
 * Level 3.1 Fighting
 * Level 3.9 Dodging
 * Level 5.6 Stealth
 * Level 3.7 Spellcasting
 * Level 3.5 Conjurations
 * Level 4.6 Air Magic


You had 7 spell levels left.
You knew the following spells:

 Your Spells              Type           Power        Failure   Level  Hunger
a - Shock                 Conj/Air       ###.         2%          1    None
b - Swiftness             Chrm/Air       ##......     9%          2    ##.....
c - Static Discharge      Conj/Air       ###.....     8%          3    ###....

Your spell library contained the following spells:

 Spells                   Type           Power        Failure   Level  Hunger
 Confusing Touch          Hex            #.....       14%         1    None
 Airstrike                Air            ###.......   22%         4    ####...
 Confuse                  Hex            #.......     38%         3    ###....
 Gell's Gravitas          Tloc           #.........   38%         3    ###....
 Lightning Bolt           Conj/Air       ###.......   58%         5    ######.
 Petrify                  Tmut/Erth      #.......     80%         4    ####...
 Metabolic Englaciation   Hex/Ice        #.........   98%         5    ######.
 Yara's Violent Unravell  Hex/Tmut       #.........   98%         5    ######.


Dungeon Overview and Level Annotations

Branches:
Dungeon (4/15)
 Temple: D:4-7

Altars:
Gozag
Qazlal
Sif Muna
Trog
Uskayaw
Wu Jian

Annotations:
D:4 Dowan


Innate Abilities, Weirdness & Mutations

You cannot wear most types of armour.
You are very stealthy in the water. (Stealth+)
You are amphibious.
You can wear up to eight rings at the same time.
You can use your tentacles to constrict eight enemies at once.
Your skin changes colour to match your surroundings (Stealth+).
Your rubbery body absorbs attacks. (AC +1, EV +1)


Message History

Your Fighting skill increases to level 3!
Dowan points at you and mumbles some strange words.
The shard of ice hits you!!
* * * LOW HITPOINT WARNING * * *
Dowan hits you with a cursed -3 dagger.
* * * LOW HITPOINT WARNING * * *
You feel much better. Dowan hits you with a cursed -3 dagger.
* * * LOW HITPOINT WARNING * * *
You feel much better. Dowan hits you with a cursed -3 dagger.
Dowan barely misses you.
You closely miss Dowan. You grab Dowan. You squeeze Dowan.
Dowan is lightly wounded.
You constrict Dowan, but do no damage. Dowan closely misses you.
You hit Dowan.
Dowan is lightly wounded.
You constrict Dowan. Dowan casts a spell at you. The shard of ice hits you!!
Ouch! That really hurt!
You die...

#..##.###.####.###.#.#[##
#.....<...###.## ##.#.##
##....).......# #...###
#..#.###.###.## ##......
#..#.##.#.....###.......
#..#.#.###.###...#...###
#..#..## ##.....##...###
#..###e###.####......##.
#.....)@#.## #.##.<##..
##.###.#.## #.........
#.###.#.## #.###.####
#........# #.# #.# #####....#
#.# #.# #..#.#####.###.# ##
#..............# #.
##############.#.######.#####
#. #................# #.# ###


You could see Dowan.

Vanquished Creatures
  Edmund (D:4)
  Duvessa (D:4)
  An ogre (D:4)
  2 scorpions
  A howler monkey (D:4)
  A hound (D:4)
  An orc priest (D:4)
  An orc wizard (D:4)
  Ijyb (D:4)
  A worker ant (D:4)
  8 gnolls
  7 adders
  2 oozes
  3 leopard geckos
  14 orcs
  6 bats
  6 giant cockroaches
  13 goblins
  5 hobgoblins
  9 jackals
  2 kobolds (D:1)
  A quokka (D:2)
  2 frilled lizards
  4 rats
93 creatures vanquished.

Notes
Turn   | Place    | Note
-------+----------+-------------------------------------------
     0 | D:1      | Chiseanne the Octopode Air Elementalist began the quest for
                  | the Orb.
     0 | D:1      | Reached XP level 1. HP: 11/11 MP: 3/3
   236 | D:1      | Reached XP level 2. HP: 5/18 MP: 0/5
   236 | D:1      | Reached skill level 3 in Stealth
  1153 | D:2      | Reached XP level 3. HP: 22/22 MP: 3/6
  1557 | D:2      | Reached skill level 1 in Fighting
  1662 | D:2      | Reached XP level 4. HP: 28/28 MP: 0/7
  2427 | D:2      | Reached XP level 5. HP: 32/33 MP: 2/8
  2825 | D:3      | Learned a level 2 spell: Swiftness
  2829 | D:3      | Learned a level 3 spell: Static Discharge
  2967 | D:3      | Reached skill level 4 in Stealth
  3085 | D:3      | You fall into a shaft and drop 1 floor!
  3093 | D:4      | Found a shimmering blue altar of Sif Muna.
  3238 | D:4      | Noticed an ogre
  3335 | D:3      | Found a stormy altar of Qazlal.
  3337 | D:3      | Noticed a water elemental
  3338 | D:3      | Noticed a fire elemental
  3338 | D:3      | Noticed an air elemental
  3808 | D:3      | Reached XP level 6. HP: 39/39 MP: 10/10
  4137 | D:4      | Found an ornate altar of the Wu Jian Council.
  4145 | D:4      | Noticed Ijyb
  4154 | D:4      | Killed Ijyb
  4342 | D:4      | Noticed a phantom
  4798 | D:4      | Noticed Duvessa
  4798 | D:4      | Noticed Dowan
  4883 | D:4      | Reached XP level 7. HP: 29/45 MP: 9/11
  4910 | D:4      | Reached skill level 5 in Stealth
  5140 | D:4      | Noticed Edmund
  5149 | D:4      | Killed Edmund
  5370 | D:4      | Noticed a moth of wrath
  5373 | D:4      | Found a bloodstained altar of Trog.
  5516 | D:4      | Found an opulent altar of Gozag.
  5519 | D:4      | Found a hide-covered altar of Uskayaw.
  5611 | D:4      | Killed Duvessa
  5611 | D:4      | HP: 2/46 [Dowan/cursed -3 dagger (1)]
  5615 | D:4      | Killed from afar by Dowan

Levels and vault maps discovered:
D:1:      lightli_arrival_farm, layout_basic
D:2:      cheibrodos_greedy_goblins, layout_basic
D:3:      layout_loops_ring, nicolae_qazlal_style_of_elements
D:4:      cheibrodos_pilgrimage, layout_loops_ring,
          nicolae_overflow_hidden_temple, lemuel_doored_altar, first_ration,
          minmay_misc_feat_hallway, tgw_trog, uniq_ijyb, uniq_edmund,
          uniq_duvessa

Skill      XL: |  1  2  3  4  5  6  7 |
---------------+----------------------+-----
Stealth        | 3 4 5 |  5.6
Fighting       | 1 2 3 |  3.1
Conjurations   | 2 3 |  3.5
Dodging        | 3 |  3.9
Spellcasting   | 3 |  3.7
Air Magic      | 4 |  4.6

Action                   |  1- 3 |  4- 6 |  7- 9 || total
-------------------------+-------+-------+-------++-------
Melee: Whip              |     6 |       |       ||     6
       Constrict         |     2 |    15 |     6 ||    23
       Unarmed           |     1 |       |       ||     1
       Short sword       |     8 |    42 |    28 ||    78
       Tentacles         |     1 |     8 |     9 ||    18
       Staff             |       |     5 |       ||     5
 Cast: Shock             |    50 |   145 |     7 ||   202
Evoke: Wand              |       |     2 |       ||     2
  Use: Scroll            |       |    10 |       ||    10
       Potion            |       |       |     3 ||     3
 Stab: Sleeping          |       |     6 |     2 ||     8
       Paralysed         |       |     2 |       ||     2
       Distracted        |       |       |     1 ||     1
  Eat: Chunk             |     3 |    10 |     2 ||    15
Armor: Skin              |     5 |     3 |       ||     8
Dodge: Dodged            |    12 |    48 |    18 ||    78
